 Dungeon Crawl Stone Soup version 0.27.1-33-g824d729ab1 (webtiles) character file.

Game seed: 18393705862146818103

58492 pkoi the Black Belt (level 14, -47/104 HPs)
             Began as a White Draconian Monk on Dec 15, 2021.
             Was a High Priest of Dithmenos.
             Killed from afar by a merfolk aquamancer (55 damage)
             ... with a shard of ice
             ... on level 2 of the Lair of Beasts.
             The game lasted 00:54:23 (22485 turns).

pkoi the Black Belt (White Draconian Monk)         Turns: 22485, Time: 00:54:23

Health: -47/104    AC: 18    Str: 19    XL:     14   Next: 49%
Magic:  0/21       EV: 17    Int: 18    God:    Dithmenos [*****.]
Gold:   1214       SH:  0    Dex: 17    Spells: 13/21 levels left

rFire    + + +     SeeInvis +     - Unarmed
rCold    . . .     Faith    .   (no shield)
rNeg     . . .     Spirit   +   (armour unavailable)
rPois    .         Reflect  .   (helmet restricted)
rElec    .         Harm     .   q - +2 cloak of the Thief {*Fog Slay-2 SInv Stlth+}
rCorr    .         Rampage  .   m - +1 pair of gloves {Dex+3}
Will     +....                  E - +0 pair of boots
Stlth    ++++++++..             o - amulet of guardian spirit
HPRegen  2.27/turn              J - +4 ring of protection
MPRegen  0.17/turn              D - ring of the Sixty-Six Knaves {Fire Fly Str+7 Int+3 Stlth+}

@: confusing by touch, unable to read, flying, wreathed by umbra
A: breathe frost, AC +8, unfitting armour, cold resistance 1, cold-blooded,
hooves 1, horns 1, see invisible, fire resistance 2, regeneration 2, screaming
1, weak 1, inability to read while threatened
a: Breathe Frost, Renounce Religion, Shadow Step, Shadow Form


You were on level 2 of the Lair of Beasts.
You worshipped Dithmenos.
Dithmenos was extremely pleased with you.
You visited 4 branches of the dungeon, and saw 20 of its levels.

You collected 1446 gold pieces.
You spent 232 gold pieces at shops.

Inventory:

Hand Weapons
 t - a +2 short sword of venom
Missiles
 c - 89 poisoned darts (quivered)
 g - 12 silver javelins
 r - 16 boomerangs of dispersal
 u - 2 curare-tipped darts
 I - 5 throwing nets
Armour
 m - a +1 pair of gloves of dexterity (worn)
 q - the +2 cloak of the Thief (worn) {*Fog Slay-2 SInv Stlth+}
   (You found it on level 4 of the Dungeon)

   It may release a thick cloud of smoke when the wearer is hurt.
   Slay:      It affects your accuracy & damage with ranged weapons and melee
   (-2).
   SInv:      It lets you see invisible.
   Stlth:     It makes you more stealthy.
 E - a +0 pair of boots (worn)
Jewellery
 d - a ring of poison resistance
 o - an amulet of guardian spirit (around neck)
 s - a ring of ice
 D - the ring of the Sixty-Six Knaves (right hand) {Fire Fly Str+7 Int+3 Stlth+}
   (You found it on level 3 of the Lair of Beasts)

   [ring of fire]

   It enhances your fire magic.
   Str:       It affects your strength (+7).
   Int:       It affects your intelligence (+3).
   rF:        It protects you from fire.
   rC:        It makes you vulnerable to cold.
   Fly:       It grants you flight.
   Stlth:     It makes you more stealthy.
 J - a +4 ring of protection (left hand)
Wands
 b - a wand of mindburst (3)
 l - a wand of polymorph (3)
 p - a wand of paralysis (20)
 v - a wand of charming (10)
 C - a wand of flame (72)
Scrolls
 a - 8 scrolls of teleportation
 e - 2 scrolls of fear
 j - a scroll of enchant armour
 k - 3 scrolls of fog
 w - 3 scrolls of amnesia
 y - 4 scrolls of blinking
 G - 2 scrolls of identify
Potions
 f - 7 potions of ambrosia
 h - a potion of heal wounds
 i - 4 potions of might
 n - 4 potions of haste
 x - a potion of berserk rage
 z - 2 potions of flight
 A - 3 potions of curing
 F - a potion of resistance
 H - a potion of brilliance


   Skills:
 + Level 4.1 Fighting
 - Level 3.2 Throwing
 + Level 8.5 Dodging
 + Level 4.5 Stealth
 * Level 17.4 Unarmed Combat
 - Level 4.0 Spellcasting
 - Level 7.2 Hexes
 - Level 6.3 Translocations
 + Level 0.3 Transmutations
 - Level 5.0 Ice Magic
 - Level 10.1 Invocations


You had 13 spell levels left.
You knew the following spells:

 Your Spells              Type           Power      Damage    Failure   Level
a - Apportation           Tloc           52%        N/A       1%          1
b - Confusing Touch       Hex            29%        N/A       2%          3
c - Ensorcelled Hibernat  Hex/Ice        50%        N/A       1%          2
d - Passwall              Tmut/Erth      3%         N/A       21%         2

Your spell library contained the following spells:

 Spells                   Type           Power      Damage    Failure   Level
 Corona                   Hex            32%        N/A       1%          1
 Slow                     Hex            29%        N/A       1%          2
 Beastly Appendage        Tmut           8%         N/A       13%         1
 Animate Skeleton         Necr           6%         N/A       14%         1
 Sandblast                Erth           6%         2d5       14%         1
 Summon Small Mammal      Summ           12%        N/A       14%         1
 Wereblood                Tmut           4%         N/A       19%         2
 Static Discharge         Conj/Air       3%         N/A       22%         2
 Spider Form              Tmut/Pois      2%         N/A       38%         3
 Vampiric Draining        Necr           1%         2d6       41%         3
 Dispel Undead            Necr           3%         3d7       82%         4
 Sticky Flame             Conj/Fire      5%         2d3       82%         4
 Lee's Rapid Deconstruct  Erth           1%         3d5*      99%         5
 Shadow Creatures         Summ           N/A        N/A       100%        6


Dungeon Overview and Level Annotations

Branches:
Dungeon (12/15)            Temple (1/1) D:7            Lair (6/6) D:8
 Shoals (1/4) Lair:2       Spider (0/4) Lair:2        Slime (0/5) Lair:5
    Orc (0/2) D:10

Altars:
Ashenzari
Cheibriados
Dithmenos
Elyvilon
Fedhas
Gozag
Hepliaklqana
Kikubaaqudgha
Makhleb
Nemelex Xobeh
Okawaru
Qazlal
Ru
Sif Muna
Trog
Uskayaw
Vehumet
Wu Jian
Xom
Yredelemnul
Zin
The Shining One
Beogh

Shops:
Shoals:1 (

Annotations:
D:9 2 transporters, Ekaitz's ghost, novice MfIE
Lair:1 exclusion: 4 oklob plants


Innate Abilities, Weirdness & Mutations

You can breathe waves of freezing cold which knock back foes.
Your icy white scales are hard. (AC +8)
You cannot fit into any form of body armour.
Your flesh is cold resistant. (rC+)
You are cold-blooded and may be slowed by cold attacks.
You have large cloven feet.
You have a pair of small horns on your head.
You have supernaturally acute eyesight. (SInv)
Your flesh is very heat resistant. (rF++)
You heal very quickly.
You occasionally shout uncontrollably at your foes.
You are weak. (Str -2)
You sometimes lose the ability to read scrolls when taking damage.


Message History

The merfolk aquamancer points at you and mumbles some strange words.
The ball of steam misses you.
You hit the merfolk aquamancer but do no damage.
You headbutt the merfolk aquamancer, but do no damage.
Your tail-slap misses the merfolk aquamancer.
The merfolk aquamancer is severely wounded.
Unknown command.
You hit the merfolk aquamancer but do no damage.
Your headbutt misses the merfolk aquamancer.
The merfolk aquamancer is severely wounded.
The merfolk aquamancer casts a spell at you.
The ball of steam hits you. You resist.
* * * LOW HITPOINT WARNING * * *
Unknown command.
You barely miss the merfolk aquamancer.
You headbutt the merfolk aquamancer, but do no damage.
The merfolk aquamancer is severely wounded.
Unknown command.
You hit the merfolk aquamancer but do no damage.
You tail-slap the merfolk aquamancer, but do no damage.
Your punch misses the merfolk aquamancer.
The merfolk aquamancer is severely wounded.
The merfolk aquamancer casts a spell at you.
The torrent of water hits you!!
You feel threatened and lose the ability to read scrolls!
* * * LOW HITPOINT WARNING * * *
With a swish of your cloak, you release a cloud of fog.
The wave splashes down.
Things that are here:
the +8 whip of Pizi {protect, rElec rPois rC- Stlth+}; the +6 mace "Volepp" {holy, rF+ Int+3} You have got your breath back.
A nearby plant withers and dies.
The merfolk aquamancer gestures at you while chanting.
The ball of steam hits you! You resist.
* * * LOW HITPOINT WARNING * * *
The merfolk aquamancer gestures at you while chanting.
The shard of ice hits you!!!
Ouch! That really hurt!
You die...
Xom titters!

.##..............#...P# ######..#
..#.##.#.#..###..##P.## #...
....#....#..##...#...P# #...
.....#...#........##.### ###.#
..P#...#........P..#...# #....
.......#.........P.##..# #####
..#####.........P...#.## #. #.#
#[.....§........# ## ..###
#....§(§§≈@≈≈...# ##.
#.#.###....§§m)§§§§≈..# #P.
...#.......§§≈≈≈§≈§≈#.## ###
.......P..[.§..........###### #
#.####..............#.#.#.#.#####
...###.P.........(....##.........
.......##...P......#####.####...≈
.....(............## #..#.......
#................## ##.#...#...


You could see a merfolk aquamancer.

Vanquished Creatures
  Josephine (D:11)
  A merfolk impaler (Lair:2)
  8 hydras
  Harold (D:11)
  A merfolk avatar (Lair:6)
  A death knight (D:10)
  An anaconda (Lair:6)
  2 two-headed ogres
  8 death yaks
  Urug (D:11)
  2 sea snakes
  A phantasmal warrior (D:11)
  2 oklob plants (Lair:4)
  A wolf spider (Lair:3)
  2 manticores
  A cyclops (D:11)
  A centaur zombie (D:10)
  A faun (Shoals:1)
  5 elephants (Lair:3)
  6 black mambas
  A torpor snail (Lair:5)
  9 cane toads
  2 kobold demonologists
  4 rime drakes
  A freezing wraith (D:11)
  9 komodo dragons
  A queen bee (D:9)
  5 trolls
  8 merfolk
  12 blink frogs
  Prince Ribbit (D:6)
  2 hornets
  Grinder (D:4)
  3 slime creatures (Lair:5)
  3 wind drakes
  2 snapping turtles
  4 wraiths
  5 wyverns
  3 shadows
  61 yaks
  4 basilisks
  2 steam dragons (Lair:6)
  9 water moccasins
  2 ice beasts (D:7)
  3 black bears
  7 orc warriors (D:10)
  A sky beast (D:8)
  A hornet zombie (D:7)
  4 ogres
  4 necrophages
  19 wolves
  6 centaurs
  A phantom (D:7)
  6 kobold brigands
  14 bullfrogs
  A gnoll sergeant (D:4)
  2 scorpions
  A wyvern skeleton (D:3)
  A water moccasin skeleton (D:4)
  25 killer bees
  13 wights
  2 electric eels (D:8)
  2 howler monkeys
  9 jellies (Lair:5)
  8 hounds
  2 orc priests (D:10)
  2 centaur skeletons
  4 gnoll shamans
  An iguana (D:5)
  2 orc wizards (D:5)
  A hound skeleton (D:5)
  A howler monkey skeleton (D:5)
  10 adders
  24 gnolls
  2 white imps
  An ufetubus (D:5)
  An adder skeleton (D:4)
  A worm (D:3)
  3 dart slugs (D:1)
  27 orcs
  5 ball pythons
  17 endoplasms
  6 giant cockroaches
  6 goblins
  7 hobgoblins
  9 jackals
  27 kobolds
  6 quokkas
  4 bats
  2 frilled lizards
  4 rats (D:1)
  A butterfly (D:7)
507 creatures vanquished.

Vanquished Creatures (collateral kills)
  5 gnolls (D:3)
5 creatures vanquished.

Vanquished Creatures (others)
  A centaur (D:12)
  73 fungi
  153 plants
227 creatures vanquished.

Grand Total: 739 creatures vanquished

Notes
Turn   | Place    | Note
-------+----------+-------------------------------------------
     0 | D:1      | pkoi the Draconian Monk began the quest for the Orb.
     0 | D:1      | Reached XP level 1. HP: 19/19 MP: 1/1
   131 | D:1      | Reached XP level 2. HP: 24/26 MP: 2/2
   177 | D:1      | Found a faded altar of an unknown god.
   194 | D:1      | Became a worshipper of Xom of Chaos
   354 | D:1      | Reached skill level 4 in Unarmed Combat
   463 | D:1      | XOM: silly message
   677 | D:1      | Reached XP level 3. HP: 31/31 MP: 3/3
  1357 | D:2      | XOM: cloud trail
  1415 | D:2      | XOM: god gift: 5 silver javelins
  1724 | D:2      | Learned a level 1 spell: Apportation
  1868 | D:2      | Reached skill level 5 in Unarmed Combat
  1868 | D:2      | Reached XP level 4. HP: 10/38 MP: 4/4
  2056 | D:2      | XOM: give mutations
  2056 | D:2      | Gained mutation: You have a pair of small horns on your
                  | head. [Xom's grace]
  2056 | D:2      | Gained mutation: Your flesh is heat resistant. (rF+) [Xom's
                  | grace]
  2696 | D:3      | Reached XP level 5. HP: 45/45 MP: 5/5
  2766 | D:3      | Reached skill level 6 in Unarmed Combat
  2792 | D:3      | XOM: cloud trail
  2892 | D:3      | XOM is BORED!
  2892 | D:3      | XOM: stat loss: -3 Str (10/13)
  2974 | D:3      | XOM: 2-stop teleportation journey
  3236 | D:3      | XOM: give mutation
  3236 | D:3      | Gained mutation: You have large cloven feet. [Xom's grace]
  3324 | D:4      | XOM: scenery: create altars
  3627 | D:4      | Noticed an ogre
  3636 | D:4      | Killed an ogre
  3637 | D:4      | Reached skill level 7 in Unarmed Combat
  3637 | D:4      | Reached XP level 6. HP: 38/51 MP: 6/6
  3729 | D:4      | Noticed Grinder
  3734 | D:4      | Killed Grinder
  3735 | D:4      | Reached skill level 8 in Unarmed Combat
  3735 | D:4      | Your scales start taking on an icy white colour.
  3735 | D:4      | Reached XP level 7. HP: 50/57 MP: 7/7
  3735 | D:4      | Gained mutation: Your flesh is cold resistant. (rC+) [White
                  | Draconian growth]
  3851 | D:4      | XOM: give mutations
  3851 | D:4      | Gained mutation: Your natural rate of healing is unusually
                  | fast. [Xom's grace]
  3851 | D:4      | Gained mutation: You are agile. (Dex +2) [Xom's grace]
  3851 | D:4      | Gained mutation: You possess an exceptional clarity of
                  | mind. [Xom's grace]
  3851 | D:4      | Gained mutation: You have supernaturally acute eyesight.
                  | (SInv) [Xom's grace]
  3902 | D:4      | XOM: scenery: create altars
  3910 | D:4      | Found the +2 cloak of the Thief {*Fog Slay-2 SInv Stlth+}
  3988 | D:4      | XOM: fog
  4049 | D:4      | Reached skill level 1 in Throwing
  4145 | D:4      | XOM: scenery: 1 doors close
  4184 | D:4      | Found a burning altar of Makhleb.
  4248 | D:4      | XOM: 7-stop teleportation journey
  4387 | D:5      | Entered Level 5 of the Dungeon
  4393 | D:5      | XOM: 3-stop teleportation journey
  4413 | D:5      | XOM: fog
  4436 | D:5      | XOM: potion effect (might)
  4485 | D:5      | Reached XP level 8. HP: 59/63 MP: 8/8
  4490 | D:5      | XOM: confuse monster(s)
  4504 | D:5      | Reached skill level 9 in Unarmed Combat
  4566 | D:5      | XOM: scenery: 1 doors close
  4596 | D:5      | XOM: cast spell 'Necromutation'
  4622 | D:5      | XOM: god gift: sedimented white potion {god gift}
  4670 | D:5      | XOM: scenery: 1 doors close
  4722 | D:6      | Noticed Prince Ribbit
  4811 | D:6      | Reached skill level 5 in Dodging
  4923 | D:5      | XOM: cast spell 'Statue Form'
  4981 | D:5      | XOM: 1-stop teleportation journey
  5041 | D:5      | XOM: 3-stop teleportation journey
  5101 | D:5      | Reached skill level 10 in Unarmed Combat
  5101 | D:5      | Reached XP level 9. HP: 66/70 MP: 9/9
  5393 | D:6      | Killed Prince Ribbit
  5403 | D:6      | Found a stormy altar of Qazlal.
  5497 | D:6      | Identified the +1 ring mail of Cyppat {rC+ Int+3}
  5500 | D:6      | XOM: give mutation
  5500 | D:6      | Gained mutation: You heal very quickly. [Xom's grace]
  5573 | D:7      | Found a radiant altar of Vehumet.
  5576 | D:7      | Found a snail-covered altar of Cheibriados.
  5578 | D:7      | Found a hazy altar of Hepliaklqana.
  5579 | D:7      | Found a glowing silver altar of Zin.
  5603 | D:7      | Found a staircase to the Ecumenical Temple.
  5629 | Temple   | Entered the Ecumenical Temple
  5729 | Temple   | Fell from the grace of Xom
  5729 | Temple   | Became a worshipper of Dithmenos the Shadowed
  5760 | D:7      | Found an iron altar of Okawaru.
  5773 | D:7      | Found a basalt altar of Yredelemnul.
  5802 | D:7      | XOM: chaos cloud
  6218 | D:7      | Reached * piety under Dithmenos
  6425 | D:7      | XOM: summons 6 hostile demons
  6447 | D:7      | XOM: give mutations
  6447 | D:7      | Lost mutation: You are agile. (Dex +2) [Xom's mischief]
  6447 | D:7      | Lost mutation: You possess an exceptional clarity of mind.
                  | [Xom's mischief]
  6525 | D:7      | XOM: summons 6 hostile demons
  6526 | D:7      | Noticed a rust devil
  6580 | D:8      | Noticed a two-headed ogre
  6581 | D:8      | Reached skill level 11 in Unarmed Combat
  6607 | D:8      | Killed a two-headed ogre
  6608 | D:8      | Reached skill level 1 in Spellcasting
  6675 | D:8      | XOM: 6-stop teleportation journey
  6703 | D:8      | Reached XP level 10. HP: 77/77 MP: 12/12
  7037 | D:8      | Identified the +1 ring mail "Aroicwioto" {rElec Slay+2}
  7039 | D:8      | Found a staircase to the Lair.
  7208 | D:8      | XOM: summons 3 hostile demons
  7509 | D:8      | Reached ** piety under Dithmenos
  7747 | D:8      | XOM: summons 2 hostile demons
  7942 | Lair:1   | Entered Level 1 of the Lair of Beasts
  8006 | Lair:1   | Noticed an oklob plant
  8023 | Lair:1   | Identified the +3 spear of the Beast {drain, rF+ rCorr
                  | Dex+2}
  8241 | Lair:1   | Noticed a seven-headed hydra
  8383 | Lair:1   | Noticed a black mamba
  8398 | Lair:1   | Killed a black mamba
  8399 | Lair:1   | Reached skill level 5 in Invocations
  8484 | Lair:1   | Reached skill level 12 in Unarmed Combat
  8744 | Lair:1   | Noticed a black mamba
  8760 | Lair:2   | Noticed a black mamba
  8768 | Lair:1   | Noticed a cane toad
  8787 | Lair:1   | Killed a cane toad
  8838 | Lair:2   | Found a staircase to the Shoals.
  8922 | Lair:2   | Killed a black mamba
  8923 | Lair:2   | Reached XP level 11. HP: 68/82 MP: 13/15
  8941 | Lair:2   | Learned a level 3 spell: Confusing Touch
  9029 | Lair:2   | Found a hole to the Spider Nest.
  9115 | Lair:2   | XOM: enchant monster (bad)
  9126 | Lair:2   | Reached skill level 1 in Hexes
  9492 | Lair:2   | Identified the +6 mace "Volepp" {holy, rF+ Int+3}
  9880 | Lair:2   | XOM: summons 5 hostile demons
 10223 | Lair:2   | Paralysed by a hornet for 1 turns
 10224 | Lair:2   | Reached *** piety under Dithmenos
 10240 | Lair:2   | Reached skill level 13 in Unarmed Combat
 10606 | Lair:3   | Noticed a wolf spider
 10618 | Lair:3   | Killed a wolf spider
 10712 | Lair:3   | You fall into a shaft and drop 1 floor!
 11053 | Lair:3   | XOM: noise
 11136 | Lair:3   | Reached XP level 12. HP: 81/89 MP: 17/17
 11274 | Lair:3   | Reached skill level 14 in Unarmed Combat
 11345 | Lair:3   | Identified the ring of the Sixty-Six Knaves {Fire Fly Str+7
                  | Int+3 Stlth+}
 11519 | D:5      | XOM: noise
 11857 | D:9      | Reached skill level 5 in Hexes
 11868 | D:9      | Reached **** piety under Dithmenos
 12005 | D:9      | Found a transporter.
 12021 | D:9      | Noticed Ekaitz's ghost (novice MfIE)
 12095 | D:9      | Found a transporter.
 12509 | D:10     | Entered Level 10 of the Dungeon
 12725 | D:10     | Found a staircase to the Orcish Mines.
 12920 | D:10     | Noticed a two-headed ogre
 12944 | D:10     | Killed a two-headed ogre
 13323 | D:10     | XOM: scenery: summon butterflies
 13733 | Lair:1   | Killed a seven-headed hydra
 13734 | Lair:1   | Reached skill level 15 in Unarmed Combat
 13773 | Lair:1   | Noticed a five-headed hydra
 13781 | Lair:1   | Killed a five-headed hydra
 13782 | Lair:1   | Reached skill level 5 in Translocations
 14430 | Lair:3   | XOM: give mutations
 14430 | Lair:3   | Gained mutation: You occasionally shout uncontrollably at
                  | your foes. [Xom's mischief]
 14430 | Lair:3   | Gained mutation: You are weak. (Str -2) [Xom's mischief]
 14430 | Lair:3   | Gained mutation: You sometimes lose the ability to read
                  | scrolls when taking damage. [Xom's mischief]
 14632 | Lair:4   | Reached ***** piety under Dithmenos
 14787 | Lair:4   | XOM: noise
 15181 | Lair:5   | Reached XP level 13. HP: 88/94 MP: 19/19
 15481 | Lair:5   | Found a staircase to the Slime Pits.
 15663 | Lair:5   | HP: 1/94 [death yak (15)]
 15896 | Lair:5   | XOM: confuse monster(s)
 16047 | Lair:5   | XOM: give mutation
 16047 | Lair:5   | Gained mutation: Your flesh is very heat resistant. (rF++)
                  | [Xom's mischief]
 16427 | Lair:6   | Entered Level 6 of the Lair of Beasts
 16536 | Lair:5   | XOM: blink monster(s)
 16610 | Lair:6   | Reached skill level 16 in Unarmed Combat
 17092 | Lair:5   | Was forgiven by Xom
 17588 | Lair:6   | Learned a level 2 spell: Ensorcelled Hibernation
 17711 | Lair:6   | Reached skill level 1 in Ice Magic
 19048 | Lair:6   | Reached XP level 14. HP: 84/102 MP: 12/21
 19559 | Lair:6   | Reached skill level 17 in Unarmed Combat
 19927 | D:11     | Noticed Josephine
 19939 | D:11     | Killed Josephine
 20470 | D:11     | Noticed Urug
 20606 | D:12     | Identified the +2 long sword "Ynkocw" {vorpal, rPois Dex+2}
 20638 | D:11     | Killed Urug
 20739 | D:11     | Noticed Harold
 20803 | D:11     | Killed Harold
 20804 | D:11     | Reached skill level 10 in Invocations
 21372 | Shoals:1 | Entered Level 1 of the Shoals
 21379 | Shoals:1 | Found Ziosoe's Antique Weapon Boutique.
 21411 | Shoals:1 | Bought a slimy whip for 232 gold pieces
 21411 | Shoals:1 | Identified the +8 whip of Pizi {protect, rElec rPois rC-
                  | Stlth+} (You bought it in a shop on level 1 of the Shoals)
 21520 | Lair:2   | Reached skill level 5 in Ice Magic
 21987 | Shoals:1 | Reached ****** piety under Dithmenos
 22242 | Lair:4   | Learned a level 2 spell: Passwall
 22485 | Lair:2   | Killed from afar by a merfolk aquamancer

Illustrated notes

Levels and vault maps discovered:
D:1:      sevenhm_arrival_forest_fort_large_2, layout_rooms,
          hellmonk_ecumenical_altar_dog_temple, minmay_tripent
D:2:      layout_basic
D:3:      layout_basic
D:4:      layout_basic, nicolae_overflow_hidden_temple,
          kennysheep_cross_bottleneck, minmay_puff, uniq_grinder
D:5:      minmay_polygon_palace, layout_rooms, kennysheep_cluttered_room,
          minmay_misc_feat_rows
D:6:      layout_rooms, nicolae_qazlal_general_emergency, uniq_prince_ribbit1
D:7:      layout_basic, mainiacjoe_overflow_alcove_3, jmf_multi_god_temple,
          minmay_temple_entry_butterflies, supply_closet_lemuel,
          minmay_unpleasant_kobolds
D:8:      layout_basic, erik_lair_island
D:9:      layout_loops_ring, special_room [special_room_bee],
          gammafunk_ghost_berserking_beasts
D:10:     layout_stronghold, david_orc_5
D:11:     layout_cave_pools, item_on_display_a, uniq_snorg, uniq_harold,
          uniq_josephine, uniq_urug
D:12:     layout_long_grid, abandoned_shop, roderic_three_in_a_row,
          minmay_misc_feat_chi, hangedman_decor_diamond_cutter,
          nicolae_transmutations_shop, lemuel_nasty_fountain, uniq_maurice
Temple:   eino_temple_lava
Lair:1:   layout_chaotic_city, st_stairs_13, minmay_lair_oklob_chamber,
          grunt_megastairs_5
Lair:2:   layout_loops_ring, minmay_shoals_entry_centaurs, dummy_spider_entry,
          chequers_serial_rivers_large_a
Lair:3:   minmay_lair_venomous_thicket, layout_cave_pods, enter_volcano_1
Lair:4:   dpeg_oklob_gauntlet, layout_misc_corridors, ldierk_geyser
Lair:5:   lemuel_slime, layout_regular_city, minmay_slime_entry_pillars,
          infiniplex_staircase_pool
Lair:6:   gammafunk_lair_ancient_temple, layout_loops_ring,
          chequers_serial_rivers_micro_b, wad_woods_road_05
Shoals:1: layout_shoals, serial_shops, nicolae_shop_statue_plus

Skill      XL: |  1  2  3  4  5  6  7  8  9 10 11 12 13 14 |
---------------+-------------------------------------------+-----
Unarmed Combat | 4 5 7 8 10 11 12 13 15 16 17 | 17.4
Throwing       | 2 3 |  3.2
Dodging        | 3 5 7 8 |  8.5
Spellcasting   | 1 2 4 |  4.0
Translocations | 2 4 5 6 |  6.3
Invocations    | 2 5 7 9 10 | 10.1
Stealth        | 3 4 |  4.5
Hexes          | 4 6 7 |  7.2
Ice Magic      | 3 5 |  5.0
Fighting       | 4 |  4.1
Transmutations | |  0.3

Action                   |  1- 3 |  4- 6 |  7- 9 | 10-12 | 13-15 || total
-------------------------+-------+-------+-------+-------+-------++-------
Melee: Unarmed           |   177 |    97 |   390 |   977 |  1048 ||  2689
       Tailslap          |    16 |     6 |    45 |   177 |   221 ||   465
       Punch             |     2 |     3 |    23 |    61 |   107 ||   196
       Headbutt          |       |    11 |    70 |   210 |   296 ||   587
       Kick              |       |     5 |   114 |   193 |       ||   312
Throw: Dart              |       |       |     3 |    26 |    21 ||    50
 Cast: Apportation       |       |       |       |     3 |     1 ||     4
       Confusing Touch   |       |       |       |     1 |    44 ||    45
       Ensorcelled Hiber |       |       |       |       |     5 ||     5
       Passwall          |       |       |       |       |     1 ||     1
 Abil: Breathe Frost     |       |       |     7 |    11 |    16 ||    34
Evoke: Wand              |       |     2 |       |    16 |     7 ||    25
  Use: Scroll            |     1 |       |     6 |    13 |     2 ||    22
       Potion            |       |       |     4 |     1 |     2 ||     7
 Stab: Distracted        |     1 |       |     1 |     1 |     2 ||     5
       Sleeping          |     1 |     3 |     4 |    14 |     9 ||    31
       Confused          |       |       |     2 |       |    35 ||    37
Armor: Skin              |    40 |    32 |   132 |   273 |   277 ||   754
Dodge: Dodged            |   133 |    73 |   262 |   879 |   666 ||  2013
